 Dungeon Crawl Stone Soup version bcrawl-1.18.1 (webtiles) character file.

Game seed: 16139752384214244569

51 Revguard the Ducker (level 3, 0/26 HPs)
             Began as a Demonspawn Archaeologist on Nov 8, 2019.
             Slain by a worm (6 damage)
             ... on level 2 of the Dungeon.
             The game lasted 00:04:46 (1381 turns).

Revguard the Ducker (Demonspawn Archaeologist)      Turns: 1381, Time: 00:04:46

Health: 0/26       AC:  7    Str: 11    XL:     3   Next: 57%
Magic:  3/3        EV: 13    Int: 15    God:
Gold:   47         SH:  0    Dex: 12    Spells: 2/2 levels left

rFire    . . .     SeeInvis .   n - +0 dagger
rCold    . . .     Gourm    .   (no shield)
rNeg     . . .     Faith    .   b - +1 robe
rPois    .         Spirit   .   c - +1 hat
rElec    .         Reflect  .   i - scarf {stasis}
rCorr    .         Harm     .   k - +0 pair of gloves
MR       .....                  d - +1 pair of boots
Stlth    ++........             (no amulet)
HPRegen  0.08/turn              (no ring)
MPRegen  0.08/turn              (no ring)

@: studying Slings
A: claws 1, rot immunity
a: no special abilities


You were on level 2 of the Dungeon.
You were not hungry.

You visited 1 branch of the dungeon, and saw 2 of its levels.

You collected 47 gold pieces.

Inventory:

Hand Weapons
 a - a +0 whip
 n - a +0 dagger (weapon)
Missiles
 r - 102 stones (quivered)
 t - 246 sling bullets
Armour
 b - a +1 robe (worn)
 c - a +1 hat (worn)
 d - a +1 pair of boots (worn)
 i - a scarf of stasis (worn)
 k - a +0 pair of gloves (worn)
Jewellery
 o - a +1 ring of protection {unknown}
Scrolls
 j - a scroll of remove curse {unknown}
 l - a scroll of magic mapping {unknown}
 m - a scroll of noise {unknown}
 p - 2 scrolls of identify {unknown}
 q - a scroll of fog {unknown}
Potions
 h - a potion of mutation {unknown}
Books
 e - a manual of Slings
Miscellaneous
 f - an ancient crate
Comestibles
 g - 3 rations {!d}


   Skills:
 * Level 1.6 Fighting
 * Level 0.1 Short Blades
 - Level 1.3 Maces & Flails
 * Level 0.4 Slings
 * Level 1.0 Armour
 + Level 3.4 Dodging
 + Level 3.0 Stealth


You had 2 spell levels left.
You didn't know any spells.
Your spell library was empty.

Dungeon Overview and Level Annotations

Branches:
Dungeon (2/12)

Altars:


Innate Abilities, Weirdness & Mutations

You have sharp fingernails.
You are immune to rotting.


Message History

The worm is severely wounded.
The worm bites you but does no damage.
You hit the worm.
The worm is severely wounded.
The worm bites you.
* * * LOW HITPOINT WARNING * * *
You hit the worm.
The worm is almost dead.
You hit the worm but do no damage.
The worm is almost dead.
The worm barely misses you.
You hit the worm.
The worm is almost dead.
You hit the worm.
The worm is almost dead.
The worm closely misses you.
You barely miss the worm.
The worm is almost dead.
The worm bites you.
You die...

# #.# #....# .##. # ###.#
#...#### .... ###...#
#########....... ...
....#.####..>...........#
####.
÷<###......#.........#
.#.#.... #.#
####..##.#.....#
..........
...##.†....#.#.....###..##
......
#...#.###.........#......#
...... #.#....
#.#.....@.>..###.# ......
#....#....#.##..w..###
......
#..#..#...............
......
#.###....##........##.#
#.[... ..
....###.###.#.... ..
...... . #........#
#.#.#... .# ...... #....
...# ........ # ......
....##.####.... ......


You could see a worm.

Vanquished Creatures
  A gnoll (D:1)
  4 dart slugs
  A leopard gecko (D:2)
  3 giant cockroaches (D:1)
  4 goblins (D:1)
  3 hobgoblins (D:1)
  2 jackals (D:2)
  A quokka (D:1)
  2 bats
  5 frilled lizards
  2 kobolds (D:1)
  6 rats
34 creatures vanquished.

Notes
Turn   | Place    | Note
-------+----------+-------------------------------------------
     0 | D:1      | Revguard the Demonspawn Archaeologist began the quest for
                  | the Orb.
     0 | D:1      | Reached XP level 1. HP: 15/15 MP: 1/1
    97 | D:1      | Reached skill level 1 in Maces & Flails
    97 | D:1      | Gained mutation: You are immune to rotting. [demonic
                  | ancestry]
    97 | D:1      | Reached XP level 2. HP: 8/21 MP: 2/2
   375 | D:1      | Gained mutation: You have sharp fingernails. [demonic
                  | ancestry]
   375 | D:1      | Reached XP level 3. HP: 25/26 MP: 3/3
   682 | D:1      | Reached skill level 1 in Armour
  1381 | D:2      | Slain by a worm

Skill      XL: |  1  2  3 |
---------------+----------+-----
Dodging        | 3 |  3.4
Maces & Flails | 1 |  1.3
Armour         | 1 |  1.0
Fighting       | |  1.6
Short Blades   | |  0.1
Slings         | |  0.4
Stealth        | |  3.0

Action                   || total
-------------------------++-------
Melee: Whip              ||   122
       Dagger            ||    82
Throw: Stone             ||    12
 Stab: Sleeping          ||     3
  Eat: Chunk             ||     2
Armor: Robe              ||    77
Dodge: Dodged            ||   160
